 Dungeon Sprint DCSS version 0.16.1-28-gcc2312f (webtiles) character file.

279 Kidiri the Thaumaturge (level 6, -6/32 HPs)
             Began as a Deep Elf Fire Elementalist on May 28, 2015.
             Was a Priest of Sif Muna.
             Mangled by a wolf (12 damage)
             ... in the Dungeon (Sprint VII: "The Pits").
             The game lasted 00:03:48 (597 turns).

Kidiri the Thaumaturge (Deep Elf Fire Elementalist)  Turns: 597, Time: 00:03:48

Health: -6/32      AC:  2    Str:  5    XL:     6   Next: 5%
Magic:  18/25      EV: 15    Int: 22    God:    Sif Muna [***...]
Gold:   0          SH:  0    Dex: 15    Spells: 6 memorised, 4 levels left

rFire  . . .     SeeInvis .     m - staff of energy (curse)
rCold  . . .     Clarity  .     a - +0 robe
rNeg   . . .     SustAb   .     (no shield)
rPois  .         Gourm    .     (no helmet)
rElec  .         Spirit   .     (no cloak)
rCorr  .         Warding  .     (no gloves)
rMut   .         NoTele   +     (no boots)
MR     .....                    (no amulet)
Stlth  +++.......               (no ring)
                                (no ring)

@: very slightly contaminated, not resistant to hostile enchantments, fairly
stealthy
A: no striking features
a: Channel Energy, Forget Spell, Renounce Religion


You were in the Dungeon.
You worshipped Sif Muna.
Sif Muna was most pleased with you.
You were not hungry.

You visited 1 branch

Inventory:

Armour
 a - a +0 robe (worn)
Magical staves
 m - a cursed staff of energy (weapon)
Scrolls
 i - a scroll of blinking
 n - 3 scrolls of remove curse
 o - 5 scrolls of amnesia
 p - a scroll of summoning
Potions
 d - 6 potions of curing
 e - 4 potions of heal wounds
 f - a potion of haste
 g - 4 potions of magic
 h - 3 potions of berserk rage
 l - 2 potions of invisibility
Books
 b - a book of Flames

   Spells                             Type                      Level
   a - Flame Tongue                   Conjuration/Fire             1
   b - Throw Flame                    Conjuration/Fire             2
   c - Conjure Flame                  Conjuration/Fire             3
   d - Inner Flame                    Hexes/Fire                   3
   e - Sticky Flame                   Conjuration/Fire             4
   f - Fireball                       Conjuration/Fire             5
Comestibles
 c - 8 bread rations
 j - 40 fruits
 k - 7 meat rations


   Skills:
 + Level 5.7 Dodging
 + Level 6.3 Stealth
 * Level 8.7 Spellcasting
 * Level 6.9 Conjurations
 * Level 7.6 Fire Magic


You had 4 spell levels left.
You knew the following spells:

 Your Spells              Type           Power        Failure   Level  Hunger
a - Flame Tongue          Conj/Fire      #####        1%          1    None
b - Throw Flame           Conj/Fire      #####.       1%          2    None
c - Conjure Flame         Conj/Fire      #####...     1%          3    None
d - Inner Flame           Hex/Fire       ####....     4%          3    None
e - Sticky Flame          Conj/Fire      #####...     3%          4    None
f - Fireball              Conj/Fire      #####.....   12%         5    None


Dungeon Overview and Level Annotations

Branches:
Dungeon (1/1)

Altars:
Ashenzari
Cheibriados
Dithmenos
Elyvilon
Fedhas
Kikubaaqudgha
Makhleb
Nemelex Xobeh
Okawaru
Ru
Sif Muna
Trog
Vehumet
Xom
Yredelemnul
Zin
The Shining One
Beogh
Jiyva
Lugonu


Message History

Unknown command.
Casting: Flame Tongue
Confirm with . or Enter, or press ? or * to list all spells.
Aiming: Flame Tongue
Press: ? - help, Shift-Dir - straight line, f/p - wolf
Aim: a wolf (heavily wounded)
The flame tongue hits the wolf.
The wolf is almost dead.
The wolf bites you!
Casting: Flame Tongue
Confirm with . or Enter, or press ? or * to list all spells.
Aiming: Flame Tongue
Press: ? - help, Shift-Dir - straight line, f/p - wolf
Aim: a wolf (almost dead)
The flame tongue hits the wolf.
The wolf appears unharmed.
The wolf is almost dead.
The wolf bites you!
* * * LOW HITPOINT WARNING * * *
The wolf bites you!
You die...

#...........'.....
#'#####'#####.....
#.#..#..#..##.....
#)#..)..'..#####'#
#.##†####'###.....
#.#........##.....
#.#........##.....
#.#####'#####...<.
#@#..[)))..##.....
#h#..[)))..##.....
#'###########.....
#†......# ######
#..###..# #...s
##.### .. .##


You could see a wolf.

Vanquished Creatures
  A wolf (D)
  An ogre (D)
  A giant frog (D)
  A gnoll (D)
  2 giant mites (D)
  A giant gecko (D)
  A hobgoblin (D)
  A quokka (D)
  2 bats (D)
  A jackal skeleton (D)
  A quokka skeleton (D)
13 creatures vanquished.

Notes
Turn   | Place    | Note
--------------------------------------------------------------
     0 | D        | Kidiri, the Deep Elf Fire Elementalist, began the quest for the Orb.
     0 | D        | Reached XP level 1. HP: 10/10 MP: 5/5
    24 | D        | Found a sacrificial altar of Ru.
    24 | D        | Found a basalt altar of Yredelemnul.
    24 | D        | Found a shadowy altar of Dithmenos.
    24 | D        | Found a deep blue altar of Sif Muna.
    24 | D        | Found a burning altar of Makhleb.
    24 | D        | Found a shimmering altar of Xom.
    24 | D        | Found an ancient bone altar of Kikubaaqudgha.
    24 | D        | Found a sparkling altar of Nemelex Xobeh.
    25 | D        | Found a glowing golden altar of the Shining One.
    25 | D        | Found a bloodstained altar of Trog.
    25 | D        | Found a shattered altar of Ashenzari.
    25 | D        | Found a white marble altar of Elyvilon.
    25 | D        | Found a snail-covered altar of Cheibriados.
    25 | D        | Found a blossoming altar of Fedhas.
    25 | D        | Found a radiant altar of Vehumet.
    25 | D        | Found a glowing silver altar of Zin.
    25 | D        | Found a corrupted altar of Lugonu.
    25 | D        | Found a viscous altar of Jiyva.
    25 | D        | Found a roughly hewn altar of Beogh.
    25 | D        | Found an iron altar of Okawaru.
    28 | D        | Became a worshipper of Sif Muna the Loreminder
   126 | D        | Reached skill level 4 in Fire Magic
   126 | D        | Reached XP level 2. HP: 13/15 MP: 4/8
   131 | D        | Learned a level 2 spell: Throw Flame
   168 | D        | Noticed a giant frog
   174 | D        | Killed a giant frog
   174 | D        | Acquired Sif Muna's first power
   174 | D        | Reached skill level 6 in Spellcasting
   174 | D        | Reached skill level 5 in Fire Magic
   174 | D        | Reached XP level 3. HP: 13/19 MP: 3/15
   174 | D        | Reached XP level 4. HP: 16/24 MP: 3/18
   349 | D        | Noticed a wolf
   355 | D        | Learned a level 3 spell: Conjure Flame
   359 | D        | Learned a level 3 spell: Inner Flame
   364 | D        | Learned a level 4 spell: Sticky Flame
   370 | D        | HP: 1/24 [wolf (5)]
   374 | D        | Killed a wolf
   374 | D        | Acquired Sif Muna's second power
   374 | D        | Reached skill level 5 in Dodging
   374 | D        | Reached skill level 5 in Stealth
   374 | D        | Reached skill level 7 in Spellcasting
   374 | D        | Reached XP level 5. HP: 15/28 MP: 8/22
   381 | D        | Learned a level 5 spell: Fireball
   383 | D        | Reached skill level 8 in Spellcasting
   469 | D        | Noticed an ogre
   470 | D        | Noticed a scorpion
   471 | D        | Noticed a wolf
   481 | D        | Killed an ogre
   481 | D        | Reached XP level 6. HP: 21/32 MP: 19/25
   597 | D        | Mangled by a wolf

Action                   |  1- 3 |  4- 6 || total
-------------------------+-------+-------++-------
 Cast: Flame Tongue      |    14 |    18 ||    32
       Sticky Flame      |       |     2 ||     2
       Conjure Flame     |       |     1 ||     1
  Use: Potion            |     1 |     1 ||     2
